 Dungeon Crawl Stone Soup version 0.23.2-33-g5129a83 (webtiles) character file.

Game seed: 13865772756983848505

96 technought the Shield-Bearer (level 4, 0/37 HPs)
             Began as a Formicid Fighter on Aug 6, 2019.
             Slain by a rat (2 damage)
             ... on level 3 of the Dungeon.
             The game lasted 00:03:03 (1461 turns).

technought the Shield-Bearer (Formicid Fighter)     Turns: 1461, Time: 00:03:04

Health: 0/37       AC:  7    Str: 21    XL:     4   Next: 98%
Magic:  4/4        EV:  8    Int:  8    God:
Gold:   77         SH:  9    Dex: 10    Spells: 3/3 levels left

rFire    + . .     SeeInvis +   a - +0 long sword
rCold    . . .     Gourm    .   c - +0 shield
rNeg     . . .     Faith    .   b - +0 scale mail
rPois    .         Spirit   .   (helmet unavailable)
rElec    .         Reflect  .   (no cloak)
rCorr    .         Harm     .   (no gloves)
MR       .....                  (no boots)
Stlth    ..........             (no amulet)
HPRegen  0.12/turn              i - ring of protection from fire
MPRegen  0.09/turn              (no ring)

@: no status effects
A: permanent stasis, dig shafts and tunnels, four strong arms, antennae 3
a: Dig, Shaft Self


You were on level 3 of the Dungeon.
You were not hungry.

You visited 1 branch of the dungeon, and saw 3 of its levels.

You collected 77 gold pieces.

Inventory:

Hand Weapons
 a - a +0 long sword (weapon)
Armour
 b - a +0 scale mail (worn)
 c - a +0 shield (worn)
Jewellery
 i - a ring of protection from fire (left hand)
Scrolls
 e - a scroll of enchant weapon {unknown}
 j - a scroll of identify {unknown}
 k - a scroll of fog {unknown}
Potions
 d - a potion of might
Comestibles
 f - 6 rations


   Skills:
 + Level 3.7 Fighting
 + Level 3.2 Long Blades
 + Level 3.8 Armour
 + Level 0.6 Dodging
 + Level 4.4 Shields


You had 3 spell levels left.
You didn't know any spells.
Your spell library was empty.

Dungeon Overview and Level Annotations

Branches:
Dungeon (3/15)

Altars:


Innate Abilities, Weirdness & Mutations

You cannot be hasted, slowed, berserked, paralysed or teleported.
You can dig through walls and to a lower floor.
Your four strong arms can wield two-handed weapons with a shield.
You have a pair of large antennae on your head. (SInv)


Message History

The dart slug bites you but does no damage.
The goblin closely misses you. The rat bites you but does no damage.
The goblin hits you but does no damage. The goblin hits you with a +0 dagger.
* * * LOW HITPOINT WARNING * * *
The rat barely misses you. The dart slug launches a dart at you.
The slug dart hits you but does no damage.
You block the goblin's attack. The goblin hits you but does no damage.
The rat bites you but does no damage. You block the dart slug's attack.
The goblin hits you but does no damage. You block the goblin's attack.
The rat bites you but does no damage. The goblin hits you but does no damage.
You block the goblin's attack. You block the rat's attack.
The dart slug misses you.
You riposte.
You hit the dart slug.
The dart slug is lightly wounded.
You block the goblin's attack. The goblin hits you with a +0 club.
* * * LOW HITPOINT WARNING * * *
The rat bites you.
You die...

{ ..#########
⌠.....r@gg#
#.###.wg#.#
#...... ..
#....... ...
#....<... ...
........... ..
#[.....$.....
#
#.............


You could see a dart slug, a hobgoblin, 2 goblins and a rat.

Vanquished Creatures
  Robin (D:3)
  2 adders (D:2)
  2 worms (D:2)
  2 dart slugs
  3 ball pythons
  3 bats
  A giant cockroach (D:1)
  7 goblins (D:3)
  7 hobgoblins
  5 jackals (D:2)
  7 kobolds
  2 quokkas (D:2)
  7 frilled lizards
  7 rats
56 creatures vanquished.

Notes
Turn   | Place    | Note
-------+----------+-------------------------------------------
     0 | D:1      | technought the Formicid Fighter began the quest for the
                  | Orb.
     0 | D:1      | Reached XP level 1. HP: 18/18 MP: 1/1
   154 | D:1      | Reached XP level 2. HP: 23/24 MP: 2/2
   400 | D:1      | Reached skill level 4 in Shields
   765 | D:2      | Reached XP level 3. HP: 29/29 MP: 3/3
   943 | D:2      | Reached XP level 4. HP: 14/37 MP: 4/4
  1395 | D:3      | Noticed Robin
  1402 | D:3      | Killed Robin
  1461 | D:3      | Slain by a rat

Skill      XL: |  1  2  3  4 |
---------------+-------------+-----
Shields        | 4 |  4.4
Long Blades    | 3 |  3.2
Fighting       | |  3.7
Armour         | |  3.8
Dodging        | |  0.6

Action                   |  1- 3 |  4- 6 || total
-------------------------+-------+-------++-------
Melee: Long sword        |   106 |    53 ||   159
  Use: Scroll            |     1 |       ||     1
       Potion            |     3 |     3 ||     6
  Eat: Ration            |       |     1 ||     1
Armor: Scale mail        |    47 |    94 ||   141
Dodge: Dodged            |    41 |    72 ||   113
Block: Shield            |    77 |   104 ||   181
       Rpst.: Long sword |    15 |    22 ||    37
